Map: Tiefseeriff LE

Players

Panda - Winner!

  • Race: Zerg Zerg
  • League: Diamond
  • Spawn Location: 11:00

TicTac

  • Race: Terran Terran
  • League: Diamond
  • Spawn Location: 5:00

VOD

Have the link to the VOD?

Description

Time

  • Played on: Sept. 9, 2017, 8:17 p.m.
  • Length: 3:45
Show
View Real Time Build Order
Export as new Build Order

Panda Zerg - Winner!

Build Orders: Pool Only 

Get SALT Encoding   

  12  0:01  Drone  
  13  0:19  Extractor  
  12  0:24  Spawning Pool  
  11  0:29  Drone  
  11  0:33  Drone  
  13  0:37  Drone  
  14  0:46  Overlord  
  14  1:11  Zergling x4  
  14  1:12  Zergling x2  
  14  1:14  Queen  
  19  1:24  Metabolic Boost  
  19  1:27  Zergling x2  
  20  1:33  Zergling x2  
  21  1:44  Overlord  
  21  1:57  Baneling Nest  
  21  1:58  Zergling x2  
  20  2:17  Zergling x4  
  22  2:26  Zergling x6  
  25  2:37  Zergling x2  
  24  2:49  Zergling x2  
  24  2:50  Baneling x2  
  24  2:51  Baneling x3  
  24  3:01  Zergling x2  
  23  3:13  Zergling x2  
  23  3:14  Zergling x6  
  26  3:27  Zergling x2  
Show
View Real Time Build Order
Export as new Build Order

TicTac Terran 

Build Orders: Reaper Expand 

Get SALT Encoding   

  12  0:01  SCV  
  13  0:13  SCV  
  14  0:17  Supply Depot  
  14  0:25  SCV  
  15  0:38  SCV  
  15  0:40  Barracks  
  16  0:48  Refinery  
  16  0:51  SCV  
  17  1:03  SCV  
  18  1:15  SCV  
  19  1:27  Orbital Command  
  19  1:30  Reaper  
  20  1:39  Command Center  
  20  1:46  Refinery  
  20  1:54  Supply Depot  
  20  1:55  SCV  
  21  2:07  Marine  
  21  2:25  SCV  
  22  2:30  Factory  
  22  2:32  Reaper  
  22  2:43  SCV  
  23  3:04  SCV, Reaper  
  24  3:05  Bunker x2  
  24  3:06  Bunker  
  23  3:30  SCV  
Tags
 
Add a new tag
Caveats
  • Supply blocks, unpowered buildings, or Contaminate may cause inaccurate times.
  • Supply counts are checked every 10 seconds.